 Dungeon Crawl Stone Soup version 0.29-a0-542-g075992c915 (webtiles) character file.

Game seed: 14133528491124638976

30 gruber the Chiller (level 3, -1/24 HPs)
             Began as a Demonspawn Ice Elementalist on June 3, 2022.
             Slain by an orc priest
             ... wielding a +0 mace
              (4 damage)
             ... on level 2 of the Dungeon.
             The game lasted 00:01:36 (1795 turns).

gruber the Chiller (Demonspawn Ice Elementalist)    Turns: 1795, Time: 00:01:37

Health: -1/24      AC:  7    Str:  8    XL:     3   Next: 5%
Magic:  0/6        EV: 12    Int: 18    God:
Gold:   63         SH:  0    Dex: 13    Spells: 5/6 levels left

rFire   . . .      SeeInvis .   n - +0 short sword
rCold   . . .      Faith    .   (no shield)
rNeg    . . .      Spirit   .   a - +0 robe
rPois   .          Reflect  .   f - +0 helmet
rElec   .          Harm     .   (no cloak)
rCorr   .          Rampage  .   (no gloves)
Will    .....                   g - +0 pair of boots
Stlth   ++........              (no amulet)
HPRegen 0.08/turn               (no ring)
MPRegen 0.10/turn               (no ring)

@: no status effects
A: thin metallic scales 2
a: no special abilities


You were on level 2 of the Dungeon.
You visited 1 branch of the dungeon, and saw 2 of its levels.

You collected 63 gold pieces.

Inventory:

Hand Weapons
 n - a +0 short sword (weapon)
Missiles
 k - 2 atropa-tipped darts
Armour
 a - a +0 robe (worn)
 f - a +0 helmet (worn)
 g - a +0 pair of boots (worn)
Jewellery
 c - a ring of protection from cold
Scrolls
 d - 3 scrolls of teleportation {unknown}
 e - a scroll of poison {unknown}
 j - a scroll of magic mapping {unknown}
 m - a scroll of fear {unknown}
Potions
 b - a potion of magic
 h - a potion of heal wounds {unknown}
 i - a potion of lignification {unknown}
 l - a potion of might {unknown}


   Skills:
 - Level 1.7 Dodging
 - Level 1.7 Stealth
 - Level 2.0 Spellcasting
 + Level 4.5 Ice Magic


You had 5 spell levels left.
You knew the following spells:

 Your Spells              Type           Power      Damage    Failure   Level
a - Freeze                Ice            72%        1d9       2%          1

Your spell library contained the following spells:

 Spells                   Type           Power      Damage    Failure   Level
 Frozen Ramparts          Ice            36%        1d5       9%          3
 Ozocubu's Armour         Ice            18%        N/A       9%          3
 Hailstorm                Conj/Ice       10%        3d5       56%         4


Dungeon Overview and Level Annotations

Branches:
Dungeon (2/15)

Altars:


Innate Abilities, Weirdness & Mutations

You are mostly covered in thin metallic scales. (AC +3)


Message History

The atropa-tipped dart closely misses the orc priest.
The orc priest miscasts a cantrip.
Unknown command.
Throw: 5 darts (atropa)
Press: ? - help, Shift-Dir - straight line, f/p - orc priest
Aim: an orc priest, wielding a +0 mace (56% to hit, chance to blind on hit: 80%)
You throw an atropa-tipped dart.
The atropa-tipped dart closely misses the orc priest.
The orc priest misses you.
Your magical contamination has completely faded away.
Unknown command.
Throw: 4 darts (atropa)
Press: ? - help, Shift-Dir - straight line, f/p - orc priest
Aim: an orc priest, wielding a +0 mace (56% to hit, chance to blind on hit: 80%)
You throw an atropa-tipped dart.
The atropa-tipped dart closely misses the orc priest.
The orc priest hits you with a +0 mace.
* * * LOW HITPOINT WARNING * * *
Unknown command.
Throw: 3 darts (atropa)
Press: ? - help, Shift-Dir - straight line, f/p - orc priest
Aim: an orc priest, wielding a +0 mace (56% to hit, chance to blind on hit: 75%)
You throw an atropa-tipped dart.
The atropa-tipped dart hits the orc priest.
The orc priest appears confused.
Unknown command.
You are too injured to fight recklessly!
The orc priest seems less confused.
Items here: ( ) [ †.
Unknown command.
Unknown command.
Casting: Freeze (safe; 2% risk of failure)
Confirm with . or Enter, or press ? or * to list all spells.
Aiming: Freeze (safe; 2% risk of failure)
Press: ? - help, Shift-Dir - straight line, f/p - orc priest
Aim: an orc priest, wielding a +0 mace (blind)
You freeze the orc priest.
The orc priest is moderately wounded.
The orc priest hits you with a +0 mace.
You die...

........o..........#
....#..#.#####o....#
.####..#.# #.....#
....#..#.# #.l...#
.##.#..#.# #.....#
..#.#..#.# #.....#
..#.#..#.# #.....#
..#.#o.#)########.######
..#)#..#........@.....(.!
...............!o........
....#..###########.####?.
.##....# ..# .##....# #.#
.##....# .# .##....# .#
.##....# .##....#


You could see an orc priest (blind).

Vanquished Creatures
  3 orcs (D:2)
  4 endoplasms
  2 giant cockroaches (D:1)
  4 goblins
  2 hobgoblins
  3 kobolds
  A quokka (D:2)
  A bat (D:1)
  2 frilled lizards (D:2)
  A rat (D:1)
  A spectral kobold (D:1)
24 creatures vanquished.

Notes
Turn   | Place    | Note
-------+----------+-------------------------------------------
     0 | D:1      | gruber the Demonspawn Ice Elementalist began the quest for
                  | the Orb.
     0 | D:1      | Reached XP level 1. HP: 13/13 MP: 3/3
   491 | D:1      | Reached skill level 4 in Ice Magic
   586 | D:1      | Gained mutation: You are partially covered in thin metallic
                  | scales. (AC +2) [demonic ancestry]
   586 | D:1      | Reached XP level 2. HP: 10/19 MP: 1/5
  1176 | D:1      | Found a faded altar of an unknown god.
  1787 | D:2      | Gained mutation: You are mostly covered in thin metallic
                  | scales. (AC +3) [demonic ancestry]
  1787 | D:2      | Reached XP level 3. HP: 5/24 MP: 2/6
  1795 | D:2      | Slain by an orc priest

Illustrated notes

Levels and vault maps discovered:
D:1:      dpeg_arrival_simpleton_b, layout_basic,
          dreamdust_ecumenical_altar_drowned_temple
D:2:      layout_basic

Skill      XL: |  1 |
---------------+----+-----
Ice Magic      | 4 |  4.5
Dodging        | |  1.7
Stealth        | |  1.7
Spellcasting   | |  2.0

Action                   || total
-------------------------++-------
Melee: Unarmed           ||    10
       Short sword       ||     4
Throw: Dart              ||     4
 Cast: Freeze            ||    37
Armor: Robe              ||    18
Dodge: Dodged            ||    29

Table legend: (Time is in decaauts)
 A = Elapsed time spent in this place.
 B = Non-inter-level travel time spent in this place.
 C = Inter-level travel time spent in this place.
 D = Time resting spent in this place.
 E = Time spent auto-exploring this place.
 F = Levels seen in this place.
 G = Mean time per level.
                   A        B        C        D        E       F      G
               +--------+--------+--------+--------+--------+-----+--------+
         Total |   1804 |   1718 |     86 |      0 |   1490 |   2 |  902.0 |
       Dungeon |   1804 |   1718 |     86 |      0 |   1490 |   2 |  902.0 |
               +--------+--------+--------+--------+--------+-----+--------+

Top non-repeatable levels by time:
     D:1: 1525 daAuts
     D:2: 278 daAuts
